Calgary Hitman vs Worcester Sharks

Created - 12 mars 2018 at 16:35

Goals
1 2 3 T
Calgary Hitman 1 1 3 5
Worcester Sharks 0 2 0 2
Shots
1 2 3 T
Calgary Hitman 12 13 12 37
Worcester Sharks 9 7 3 19

1st period

1. Calgary Hitman , Matt Bartkowski 2 (Nick Lappin 24, Liam O'Brien 10) at 17:05

Penalties :
Alex Biega (HIT) for Roughing (Double Minor) at 9:56, Remi Elie (SRK) for Hooking (Minor) at 17:10

2nd period

2. Calgary Hitman , Andrew Miller 34 (Kasperi Kapanen 51) at 0:41
3. Worcester Sharks , Shane Prince 48 (Teddy Purcell 38) at 0:55
4. Worcester Sharks , Andreas Johnsson 18 (Micheal Haley 24, John McCarthy 17) at 16:02

Penalties :
Remi Elie (SRK) for Hooking (Minor) at 19:51

3rd period

5. Calgary Hitman , J.T. Brown 16 (Matt Bartkowski 5, Jack Skille 34) at 7:27
6. Calgary Hitman , Wayne Simpson 25 (Mitch Callahan 35, Reid Petryk 14) at 18:02
7. Calgary Hitman , Reid Petryk 14 (Wayne Simpson 34, Mitch Callahan 36) at 18:14

Penalties :
Micheal Haley (SRK) for Tripping (Minor) at 9:46, Travis Boyd (SRK) for Hooking (Minor) at 15:22

Goalie Stats

Garret Sparks (HIT), 17 saves from 19 shots - (0,895), W, 33-12-6, 60:00 minutes
Casey DeSmith (SRK), 32 saves from 37 shots - (0,865), L, 32-16-3, 60:00 minutes

Players Stats for Calgary Hitman

Player Name              G  A  P  +/- PIM S  H  SB GA TA FO     MP     PP MP  PK MP  
------------------------------------------------------------------------------------
Alex Biega               0  0  0  -1  4   1  1  0  0  1  0/0    21:09   3:39   0:00 
Andrew Miller            1  0  1   0  0   4  1  0  0  0  10/20  18:05   3:47   0:00 
Brady Austin             0  0  0   1  0   0  1  0  0  0  0/0    13:57   0:00   2:02 
Cody Goloubef            0  0  0   3  0   3  1  1  1  1  0/0    24:23   4:15   1:38 
Cole Ully                0  0  0   1  0   0  2  0  0  1  1/2     7:47   0:00   0:00 
J.T. Brown               1  0  1   0  0   3  2  0  0  1  0/0    17:48   1:05   1:51 
Jack Skille              0  1  1   0  0   2  0  0  1  0  0/0    14:14   0:00   0:00 
John Ramage              0  0  0   1  0   0  1  0  0  0  0/0    16:38   3:39   1:16 
Kasperi Kapanen          0  1  1   0  0   2  1  2  1  0  0/0    18:59   3:36   0:36 
Liam O'Brien             0  1  1   1  0   1  1  0  0  0  0/0     7:47   0:00   0:00 
Matt Bartkowski          1  1  2   3  0   3  3  2  0  0  0/0    20:40   0:02   1:38 
Matt Taormina            0  0  0  -1  0   2  2  2  0  0  0/0    23:51   4:17   1:24 
Mitch Callahan           0  2  2   2  0   1  4  1  0  1  0/1    14:44   3:37   0:29 
Nick Lappin              0  1  1   1  0   1  0  0  0  0  0/1     9:56   0:55   0:54 
Reid Petryk              1  1  2   2  0   3  0  0  1  0  3/7    14:04   0:06   1:52 
Spencer Abbott           0  0  0   0  0   3  1  1  1  0  0/1    18:29   3:05   0:37 
Travis Morin             0  0  0   0  0   4  1  0  0  0  6/15   18:09   4:02   0:45 
Wayne Simpson            1  1  2   2  0   4  0  0  0  1  0/1    15:20   3:35   0:54 

Players Stats for Worcester Sharks

Player Name              G  A  P  +/- PIM S  H  SB GA TA FO     MP     PP MP  PK MP  
------------------------------------------------------------------------------------
Andreas Johnsson         1  0  1  -1  0   4  2  1  0  1  0/0    17:40   0:00   2:03 
Brett Kulak              0  0  0  -2  0   0  0  2  0  0  0/0    19:25   0:00   4:15 
Chad Ruhwedel            0  0  0   0  0   1  1  0  0  0  0/0    18:38   2:12   0:00 
Corban Knight            0  0  0  -1  0   0  0  1  1  1  2/2     8:33   0:00   3:18 
Frank Corrado            0  0  0  -2  0   0  0  1  0  0  0/0    18:07   0:00   3:41 
Jim O'Brien              0  0  0   0  0   0  0  0  0  0  0/0     0:18   0:18   0:00 
John McCarthy            0  1  1  -1  0   0  1  4  0  0  6/12   18:14   0:30   3:28 
Michael Raffl            0  0  0  -2  0   0  0  0  1  0  0/0    18:39   1:21   2:02 
Micheal Haley            0  1  1  -2  2   0  3  1  1  0  0/0    14:49   0:18   0:18 
Mirco Mueller            0  0  0  -1  0   1  0  0  0  0  0/0    18:34   1:47   0:00 
Nikita Jevpalovs         0  0  0   0  0   0  0  0  0  0  0/0     0:00   0:00   0:00 
Remi Elie                0  0  0   1  4   1  1  0  0  1  0/1    19:29   2:08   1:31 
Shane Prince             1  0  1   0  0   8  0  1  1  0  12/18  20:56   2:08   2:21 
Shea Theodore            0  0  0   0  0   0  1  2  1  0  0/0    23:21   2:12   4:15 
T.J. Hensick             0  0  0  -2  0   0  2  0  0  0  0/0    17:58   1:33   0:51 
Teddy Purcell            0  1  1   1  0   1  2  1  0  0  0/1    18:12   2:08   0:00 
Travis Boyd              0  0  0  -2  2   3  1  1  0  0  8/14   17:12   1:33   0:00 
Tyson Strachan           0  0  0  -1  0   0  1  3  1  2  0/0    21:55   1:47   3:41 

3 Stars

1 - Matt Bartkowski (HIT)
2 - Mitch Callahan (HIT)
3 - Wayne Simpson (HIT)

Power Play

Calgary Hitman - 0 on 4 Attempt(s) - 0,00%
Worcester Sharks - 0 on 2 Attempt(s) - 0,00%

Penalty Kill

Calgary Hitman - 2 on 2 Attempt(s) - 100,00% - Score 0 goal in Penalty Kill
Worcester Sharks - 4 on 4 Attempt(s) - 100,00% - Score 0 goal in Penalty Kill

Team Stat

Calgary Hitman - Hits : 22 - Faceoff Wins : 20 - Blocked Shots : 9 - Penalty Minutes : 4
Worcester Sharks - Hits : 15 - Faceoff Wins : 28 - Blocked Shots : 18 - Penalty Minutes : 8

Official

Referees : Greg Kimmerly and Dave Jackson
Linesman : Shane Heyer and Tony Sericolo

Game Notes

No Game Note

Finance

Level 1 -- Attendance: 1627 (81,35%) -- Ticket Income 56 945 $
Level 2 -- Attendance: 707 (70,70%) -- Ticket Income 10 605 $
Total Attendance: 2334 (77,80%)
Total Ticket Income: 67 550 $
Other Income: 33 100 $
Total Income: 100 650 $

Calgary Hitman

5 vs 5 Forward 
   Center                   Left Wing                Right Wing               Time % Phy DF OF 
 1 Andrew Miller            Spencer Abbott           Kasperi Kapanen          36     0   1  4  
 2 Travis Morin             J.T. Brown               Jack Skille              34     0   1  4  
 3 Reid Petryk              Wayne Simpson            Mitch Callahan           24     0   3  2  
 4 Cole Ully                Liam O'Brien             Nick Lappin              6      2   2  1  

5 vs 5 Defense 
   Defense                  Defense                                           Time % Phy DF OF 
 1 Cody Goloubef            Matt Bartkowski                                   39     0   3  2  
 2 Alex Biega               Matt Taormina                                     37     0   3  2  
 3 Brady Austin             John Ramage                                       20     0   4  1  
 4 Cody Goloubef            Matt Bartkowski                                   4      1   2  2  

PowerPlay Forward 
   Center                   Left Wing                Right Wing               Time % Phy DF OF 
 1 Travis Morin             Kasperi Kapanen          Andrew Miller            60     0   0  5  
 2 Wayne Simpson            Spencer Abbott           Mitch Callahan           40     0   0  5  

PowerPlay Defense
   Defense                  Defense                                           Time % Phy DF OF 
 1 Cody Goloubef            Matt Taormina                                     60     0   1  4  
 2 John Ramage              Alex Biega                                        40     0   1  4  

Penalty Kill 4 Players Forward 
   Center                   Wing                     Time % Phy DF OF 
 1 Reid Petryk              J.T. Brown               60     0   4  1  
 2 Wayne Simpson            Nick Lappin              40     0   4  1  

Penalty Kill 4 Players Defense
   Defense                  Defense                  Time % Phy DF OF 
 1 Matt Bartkowski          Cody Goloubef            60     1   4  0  
 2 Alex Biega               Brady Austin             40     1   4  0  

Penalty Kill - 3 Players Forward 
   Forward                                           Time % Phy DF OF 
 1 J.T. Brown                                        65     0   5  0  
 2 Nick Lappin                                       35     0   5  0  

Penalty Kill - 3 Players Defense
   Defense                  Defense                  Time % Phy DF OF 
 1 Matt Bartkowski          Cody Goloubef            60     1   4  0  
 2 Alex Biega               Brady Austin             40     1   4  0  

4 vs 4 Forward 
   Center                   Wing                     Time % Phy DF OF 
 1 Andrew Miller            Kasperi Kapanen          60     0   1  4  
 2 Travis Morin             J.T. Brown               40     0   1  4  

4 vs 4 Defense
   Defense                  Defense                  Time % Phy DF OF 
 1 Cody Goloubef            Matt Taormina            60     0   2  3  
 2 John Ramage              Matt Bartkowski          40     0   3  2  

Last Minutes Offensive
   Center                   Left Wing                Right Wing               Defense                  Defense                  
   Travis Morin             Kasperi Kapanen          Andrew Miller            Matt Taormina            Cody Goloubef            

Last Minutes Defensive
   Center                   Left Wing                Right Wing               Defense                  Defense                  
   Reid Petryk              J.T. Brown               Nick Lappin              Matt Bartkowski          Cody Goloubef            

Goaltenders
Starting : Garret Sparks            
Backup : Marek Mazanec            

Extra Forwards
Normal : Kasperi Kapanen, J.T. Brown, Nick Lappin - PP : J.T. Brown, Nick Lappin - PK : Mitch Callahan
Extra Defensemen
Normal : Cody Goloubef, Matt Bartkowski, Alex Biega - PP : Matt Bartkowski - PK : Matt Taormina, John Ramage
Penalty Shots
Kasperi Kapanen, Travis Morin, Spencer Abbott, Wayne Simpson, Mitch Callahan

Scratches
Petteri Lindbohm (Healthy), Brenden Kichton (Healthy), Paul Geiger (Healthy), Malte Stromwall (Healthy), Jeff Glass (Healthy)

Worcester Sharks

5 vs 5 Forward 
   Center                   Left Wing                Right Wing               Time % Phy DF OF 
 1 Shane Prince             Remi Elie                Teddy Purcell            36     0   1  4  
 2 Travis Boyd              Michael Raffl            T.J. Hensick             34     0   1  4  
 3 John McCarthy            Andreas Johnsson         Micheal Haley            25     0   1  4  
 4 Corban Knight            Andreas Johnsson         Shane Prince             5      0   2  3  

5 vs 5 Defense 
   Defense                  Defense                                           Time % Phy DF OF 
 1 Shea Theodore            Chad Ruhwedel                                     36     0   1  4  
 2 Tyson Strachan           Mirco Mueller                                     34     0   1  4  
 3 Brett Kulak              Frank Corrado                                     27     0   1  4  
 4 Frank Corrado            Brett Kulak                                       3      0   2  3  

PowerPlay Forward 
   Center                   Left Wing                Right Wing               Time % Phy DF OF 
 1 Shane Prince             Remi Elie                Teddy Purcell            55     0   0  5  
 2 Travis Boyd              Michael Raffl            T.J. Hensick             45     0   0  5  

PowerPlay Defense
   Defense                  Defense                                           Time % Phy DF OF 
 1 Shea Theodore            Chad Ruhwedel                                     55     0   0  5  
 2 Tyson Strachan           Mirco Mueller                                     45     0   0  5  

Penalty Kill 4 Players Forward 
   Center                   Wing                     Time % Phy DF OF 
 1 John McCarthy            Remi Elie                55     0   5  0  
 2 Corban Knight            Shane Prince             45     0   5  0  

Penalty Kill 4 Players Defense
   Defense                  Defense                  Time % Phy DF OF 
 1 Shea Theodore            Brett Kulak              55     0   5  0  
 2 Tyson Strachan           Frank Corrado            45     0   5  0  

Penalty Kill - 3 Players Forward 
   Forward                                           Time % Phy DF OF 
 1 Shane Prince                                      55     0   5  0  
 2 Remi Elie                                         45     0   5  0  

Penalty Kill - 3 Players Defense
   Defense                  Defense                  Time % Phy DF OF 
 1 Brett Kulak              Chad Ruhwedel            55     0   5  0  
 2 Tyson Strachan           Mirco Mueller            45     0   5  0  

4 vs 4 Forward 
   Center                   Wing                     Time % Phy DF OF 
 1 John McCarthy            Teddy Purcell            55     0   2  3  
 2 Jim O'Brien              Micheal Haley            45     0   2  3  

4 vs 4 Defense
   Defense                  Defense                  Time % Phy DF OF 
 1 Shea Theodore            Tyson Strachan           55     0   2  3  
 2 Tyson Strachan           Chad Ruhwedel            45     0   2  3  

Last Minutes Offensive
   Center                   Left Wing                Right Wing               Defense                  Defense                  
   Shane Prince             Remi Elie                Teddy Purcell            Shea Theodore            Chad Ruhwedel            

Last Minutes Defensive
   Center                   Left Wing                Right Wing               Defense                  Defense                  
   Shane Prince             Remi Elie                Teddy Purcell            Shea Theodore            Chad Ruhwedel            

Goaltenders
Starting : Casey DeSmith            
Backup : Eric Comrie              

Extra Forwards
Normal : John McCarthy, Teddy Purcell, Andreas Johnsson - PP : John McCarthy, Teddy Purcell - PK : Andreas Johnsson
Extra Defensemen
Normal : Brett Kulak, Frank Corrado, Shea Theodore - PP : Brett Kulak - PK : Frank Corrado, Shea Theodore
Penalty Shots
Shea Theodore, Michael Raffl, Teddy Purcell, John McCarthy, Andreas Johnsson

Scratches
Salaire Sharks (Healthy), Nelson Nogier (Healthy), Robin Kovacs (Healthy), Mitch Moroz (Healthy), Garret Ross (Healthy)
Reid Gardiner (Healthy), Kyle Platzer (Healthy), Reid McNeill (Healthy)

% Time on Ice - Calgary Hitman

Lines # - Real PCT - Wanted PCT - Time Play
Normal Forward
1 - 32% - 36% - 15:13
2 - 30% - 34% - 14:26
3 - 22% - 24% - 10:39
4 - 16% - 6% - 7:47
Normal Defense
1 - 40% - 39% - 19:18
2 - 35% - 37% - 16:52
3 - 25% - 20% - 11:55
4 - 0% - 4% - 0:00
PP Forward
1 - 55% - 60% - 4:21
2 - 45% - 40% - 3:35
PP Defense
1 - 54% - 60% - 4:17
2 - 46% - 40% - 3:39
PK Forward
1 - 77% - 60% - 3:05
2 - 23% - 40% - 0:54
PK Defense
1 - 41% - 60% - 1:38
2 - 59% - 40% - 2:21
PK3 Forward
1 - 0% - 65%
2 - 0% - 35%
PK3 Defense
1 - 0% - 60%
2 - 0% - 40%
44 Forward
1 - 0% - 60%
2 - 0% - 40%
44 Defense
1 - 0% - 60%
2 - 0% - 40%
Last Minute Offensive  - 0:00
Last Minute Defensive  - 0:00
Total
Forward - 60:00
Defense - 60:00

% Time on Ice - Worcester Sharks

Lines # - Real PCT - Wanted PCT - Time Play
Normal Forward
1 - 33% - 36% - 15:55
2 - 32% - 34% - 15:23
3 - 27% - 25% - 12:53
4 - 8% - 5% - 3:54
Normal Defense
1 - 37% - 36% - 17:56
2 - 35% - 34% - 16:51
3 - 26% - 27% - 12:40
4 - 1% - 3% - 0:38
PP Forward
1 - 61% - 55% - 2:26
2 - 39% - 45% - 1:33
PP Defense
1 - 55% - 55% - 2:12
2 - 45% - 45% - 1:47
PK Forward
1 - 70% - 55% - 5:35
2 - 30% - 45% - 2:21
PK Defense
1 - 54% - 55% - 4:15
2 - 46% - 45% - 3:41
PK3 Forward
1 - 0% - 55%
2 - 0% - 45%
PK3 Defense
1 - 0% - 55%
2 - 0% - 45%
44 Forward
1 - 0% - 55%
2 - 0% - 45%
44 Defense
1 - 0% - 55%
2 - 0% - 45%
Last Minute Offensive  - 0:00
Last Minute Defensive  - 0:00
Total
Forward - 60:00
Defense - 60:00

Play by Play

1st period


0:01 of 1st period - Andrew Miller wins face-off versus Teddy Purcell in neutral zone.
0:16 of 1st period - Matt Bartkowski is hit by Shea Theodore and loses puck.
0:27 of 1st period - Shea Theodore is hit by Cody Goloubef and loses puck.
0:58 of 1st period - Wrist shot by Wayne Simpson.
0:58 of 1st period - Stopped by Casey DeSmith with a rebound.
1:08 of 1st period - Slapshot by Nick Lappin.
1:08 of 1st period - Deflect By Liam O'Brien.
1:08 of 1st period - Shot Misses the Net.
1:08 of 1st period - Puck is out of play.
1:09 of 1st period - Shane Prince wins face-off versus Cole Ully in Worcester Sharks zone.
1:24 of 1st period - Snap shot by Shane Prince.
1:24 of 1st period - Stopped by Garret Sparks with a rebound.
2:07 of 1st period - Snap shot by Kasperi Kapanen.
2:07 of 1st period - Stopped by Casey DeSmith with a rebound.
3:27 of 1st period - Snap shot by Travis Morin.
3:27 of 1st period - Deflect By J.T. Brown.
3:27 of 1st period - Stopped by Casey DeSmith with a rebound.
3:31 of 1st period - Slapshot by Jack Skille.
3:31 of 1st period - Shot Misses the Net.
6:00 of 1st period - Michael Raffl is hit by Alex Biega and loses puck.
6:15 of 1st period - Micheal Haley is hit by Liam O'Brien and loses puck.
7:29 of 1st period - Snap shot by Travis Morin.
7:29 of 1st period - Stopped by Casey DeSmith with a rebound.
7:31 of 1st period - Slapshot by Brady Austin.
7:31 of 1st period - Deflect By Travis Morin.
7:31 of 1st period - Stopped by Casey DeSmith with a rebound.
7:33 of 1st period - Wrist shot by Jack Skille.
7:33 of 1st period - Stopped by Casey DeSmith without a rebound.
7:34 of 1st period - Andrew Miller wins face-off versus John McCarthy in Worcester Sharks zone.
7:43 of 1st period - Wrist shot by Kasperi Kapanen.
7:43 of 1st period - Deflect By Andrew Miller.
7:43 of 1st period - Shot Blocked by Andreas Johnsson.
7:43 of 1st period - Puck is out of play.
7:44 of 1st period - Andrew Miller wins face-off versus Shane Prince in Worcester Sharks zone.
8:14 of 1st period - Icing by T.J. Hensick.
8:15 of 1st period - Travis Morin wins face-off versus Travis Boyd in Worcester Sharks zone.
8:41 of 1st period - Slapshot by Travis Boyd.
8:41 of 1st period - Stopped by Garret Sparks without a rebound.
8:42 of 1st period - Andrew Miller wins face-off versus Shane Prince in Calgary Hitman zone.
8:53 of 1st period - Shane Prince is hit by Matt Bartkowski and loses puck.
9:35 of 1st period - Slapshot by Andreas Johnsson.
9:35 of 1st period - Shot Misses the Net.
9:56 of 1st period - Double Minor Penalty to Alex Biega for Roughing.
9:57 of 1st period - Shane Prince wins face-off versus Reid Petryk in Calgary Hitman zone.
10:04 of 1st period - Wrist shot by Shane Prince.
10:04 of 1st period - Stopped by Garret Sparks with a rebound.
10:06 of 1st period - Wrist shot by Shane Prince.
10:06 of 1st period - Stopped by Garret Sparks with a rebound.
10:08 of 1st period - Snap shot by Teddy Purcell.
10:08 of 1st period - Stopped by Garret Sparks without a rebound.
10:09 of 1st period - Reid Petryk wins face-off versus Shane Prince in Calgary Hitman zone.
10:22 of 1st period - Snap shot by Shane Prince.
10:22 of 1st period - Stopped by Garret Sparks without a rebound.
10:23 of 1st period - Shane Prince wins face-off versus Reid Petryk in Calgary Hitman zone.
13:04 of 1st period - Wrist shot by Spencer Abbott.
13:04 of 1st period - Stopped by Casey DeSmith without a rebound.
13:05 of 1st period - Travis Morin wins face-off versus Travis Boyd in Worcester Sharks zone.
13:06 of 1st period - Snap shot by Spencer Abbott.
13:06 of 1st period - Stopped by Casey DeSmith without a rebound.
13:07 of 1st period - Shane Prince wins face-off versus Travis Morin in Worcester Sharks zone.
13:56 of 1st period - Penalty to Alex Biega is over, Alex Biega is back on ice.
14:10 of 1st period - Snap shot by J.T. Brown.
14:10 of 1st period - Shot Blocked by Micheal Haley.
14:12 of 1st period - Slapshot by Cody Goloubef.
14:12 of 1st period - Shot Misses the Net.
14:14 of 1st period - Snap shot by Reid Petryk.
14:14 of 1st period - Shot Misses the Net.
14:16 of 1st period - Snap shot by Alex Biega.
14:16 of 1st period - Shot Blocked by Tyson Strachan.
14:39 of 1st period - Off-side.
14:40 of 1st period - Travis Boyd wins face-off versus Andrew Miller in neutral zone.
14:43 of 1st period - Snap shot by Michael Raffl.
14:43 of 1st period - Shot Misses the Net.
14:45 of 1st period - Slapshot by Chad Ruhwedel.
14:45 of 1st period - Shot Blocked by Spencer Abbott.
14:47 of 1st period - Slapshot by Chad Ruhwedel.
14:47 of 1st period - Stopped by Garret Sparks without a rebound.
14:48 of 1st period - Andrew Miller wins face-off versus Travis Boyd in Calgary Hitman zone.
15:01 of 1st period - Snap shot by Andrew Miller.
15:01 of 1st period - Shot Misses the Net.
15:46 of 1st period - Snap shot by Shane Prince.
15:46 of 1st period - Stopped by Garret Sparks with a rebound.
15:48 of 1st period - Snap shot by Shane Prince.
15:48 of 1st period - Stopped by Garret Sparks with a rebound.
15:58 of 1st period - Travis Morin is hit by Micheal Haley and loses puck.
16:23 of 1st period - Snap shot by Mitch Callahan.
16:23 of 1st period - Shot Misses the Net.
16:25 of 1st period - Slapshot by Mitch Callahan.
16:25 of 1st period - Deflect By Wayne Simpson.
16:25 of 1st period - Stopped by Casey DeSmith without a rebound.
16:26 of 1st period - Corban Knight wins face-off versus Andrew Miller in Worcester Sharks zone.
17:03 of 1st period - Snap shot by Nick Lappin.
17:03 of 1st period - Shot Misses the Net.
17:05 of 1st period - Snap shot by Matt Bartkowski.
17:05 of 1st period - Goal by Matt Bartkowski - Calgary Hitman : 1 - Worcester Sharks : 0.
17:06 of 1st period - Travis Morin wins face-off versus Remi Elie in neutral zone.
17:10 of 1st period - Minor Penalty to Remi Elie for Hooking.
17:11 of 1st period - John McCarthy wins face-off versus Travis Morin in Worcester Sharks zone.
17:23 of 1st period - Wrist shot by Andrew Miller.
17:23 of 1st period - Shot Blocked by John McCarthy.
17:25 of 1st period - Slapshot by Cody Goloubef.
17:25 of 1st period - Stopped by Casey DeSmith with a rebound.
17:37 of 1st period - Shea Theodore is hit by Mitch Callahan and loses puck.
17:54 of 1st period - Mitch Callahan is hit by Tyson Strachan and loses puck.
19:10 of 1st period - Penalty to Remi Elie is over, Remi Elie is back on ice.
19:26 of 1st period - Backhand shot by Nick Lappin.
19:26 of 1st period - Shot Misses the Net.
19:28 of 1st period - Slapshot by Matt Taormina.
19:28 of 1st period - Deflect By Shane Prince.
19:28 of 1st period - Stopped by Casey DeSmith with a rebound.
19:30 of 1st period - Slapshot by Cody Goloubef.
19:30 of 1st period - Shot Blocked by Shane Prince.
Goals for this period are 1 for Calgary Hitman vs 0 for Worcester Sharks.
Shots for this period are 12 for Calgary Hitman vs 9 for Worcester Sharks.

2nd period


0:01 of 2nd period - Shane Prince wins face-off versus Travis Morin in neutral zone.
0:25 of 2nd period - Shea Theodore is hit by Kasperi Kapanen.
0:31 of 2nd period - Wrist shot by Kasperi Kapanen.
0:31 of 2nd period - Stopped by Casey DeSmith without a rebound.
0:32 of 2nd period - Travis Boyd wins face-off versus Andrew Miller in Worcester Sharks zone.
0:39 of 2nd period - Wrist shot by Kasperi Kapanen.
0:39 of 2nd period - Shot Blocked by Frank Corrado.
0:41 of 2nd period - Wrist shot by Andrew Miller.
0:41 of 2nd period - Goal by Andrew Miller - Calgary Hitman : 2 - Worcester Sharks : 0.
0:42 of 2nd period - Shane Prince wins face-off versus Travis Morin in neutral zone.
0:55 of 2nd period - Wrist shot by Shane Prince.
0:55 of 2nd period - Goal by Shane Prince - Calgary Hitman : 2 - Worcester Sharks : 1.
0:56 of 2nd period - Andrew Miller wins face-off versus Shane Prince in neutral zone.
0:59 of 2nd period - Teddy Purcell is hit by Matt Taormina and loses puck.
1:10 of 2nd period - Snap shot by Remi Elie.
1:10 of 2nd period - Shot Misses the Net.
1:12 of 2nd period - Slapshot by Shea Theodore.
1:12 of 2nd period - Deflect By Remi Elie.
1:12 of 2nd period - Shot Misses the Net.
1:12 of 2nd period - Puck is out of play.
1:13 of 2nd period - Travis Boyd wins face-off versus Travis Morin in Calgary Hitman zone.
1:45 of 2nd period - Matt Taormina is hit by Remi Elie and loses puck.
2:02 of 2nd period - Wrist shot by Nick Lappin.
2:02 of 2nd period - Shot Misses the Net.
2:04 of 2nd period - Slapshot by Cody Goloubef.
2:04 of 2nd period - Stopped by Casey DeSmith without a rebound.
2:05 of 2nd period - Cole Ully wins face-off versus John McCarthy in Worcester Sharks zone.
2:40 of 2nd period - Snap shot by Andreas Johnsson.
2:40 of 2nd period - Stopped by Garret Sparks with a rebound.
2:46 of 2nd period - J.T. Brown is hit by Andreas Johnsson and loses puck.
2:57 of 2nd period - Frank Corrado is hit by John Ramage and loses puck.
3:32 of 2nd period - Slapshot by Travis Morin.
3:32 of 2nd period - Stopped by Casey DeSmith without a rebound.
3:33 of 2nd period - Travis Boyd wins face-off versus Andrew Miller in Worcester Sharks zone.
3:33 of 2nd period - Travis Boyd is hit by Andrew Miller.
3:49 of 2nd period - Spencer Abbott is hit by T.J. Hensick and loses puck.
5:24 of 2nd period - Icing by Cole Ully.
5:25 of 2nd period - Travis Morin wins face-off versus Shane Prince in Calgary Hitman zone.
6:12 of 2nd period - Liam O'Brien is hit by John McCarthy.
6:44 of 2nd period - Snap shot by Travis Morin.
6:44 of 2nd period - Shot Misses the Net.
7:45 of 2nd period - Slapshot by J.T. Brown.
7:45 of 2nd period - Stopped by Casey DeSmith with a rebound.
7:47 of 2nd period - Snap shot by Matt Taormina.
7:47 of 2nd period - Shot Misses the Net.
8:03 of 2nd period - Wrist shot by Kasperi Kapanen.
8:03 of 2nd period - Shot Hit the Post.
9:20 of 2nd period - Snap shot by Andrew Miller.
9:20 of 2nd period - Shot Misses the Net.
9:22 of 2nd period - Snap shot by Andrew Miller.
9:22 of 2nd period - Shot Blocked by Tyson Strachan.
9:34 of 2nd period - John McCarthy is hit by Cole Ully and loses puck.
9:41 of 2nd period - Liam O'Brien is hit by Micheal Haley and loses puck.
10:09 of 2nd period - Snap shot by Mitch Callahan.
10:09 of 2nd period - Shot Blocked by Corban Knight.
10:11 of 2nd period - Slapshot by Reid Petryk.
10:11 of 2nd period - Stopped by Casey DeSmith with a rebound.
10:13 of 2nd period - Snap shot by Alex Biega.
10:13 of 2nd period - Stopped by Casey DeSmith without a rebound.
10:14 of 2nd period - Andrew Miller wins face-off versus Shane Prince in Worcester Sharks zone.
10:25 of 2nd period - Slapshot by Spencer Abbott.
10:25 of 2nd period - Shot Blocked by Teddy Purcell.
10:27 of 2nd period - Slapshot by Matt Bartkowski.
10:27 of 2nd period - Stopped by Casey DeSmith with a rebound.
10:29 of 2nd period - Slapshot by Andrew Miller.
10:29 of 2nd period - Shot Misses the Net.
10:39 of 2nd period - Remi Elie is hit by Mitch Callahan and loses puck.
11:15 of 2nd period - Off-side.
11:16 of 2nd period - Travis Boyd wins face-off versus Andrew Miller in neutral zone.
11:19 of 2nd period - Andrew Miller is hit by Chad Ruhwedel and loses puck.
11:30 of 2nd period - Slapshot by Matt Bartkowski.
11:30 of 2nd period - Stopped by Casey DeSmith without a rebound.
11:31 of 2nd period - Travis Morin wins face-off versus John McCarthy in Worcester Sharks zone.
13:08 of 2nd period - Snap shot by Mitch Callahan.
13:08 of 2nd period - Shot Blocked by Brett Kulak.
14:49 of 2nd period - Wrist shot by Liam O'Brien.
14:49 of 2nd period - Stopped by Casey DeSmith without a rebound.
14:50 of 2nd period - John McCarthy wins face-off versus Andrew Miller in Worcester Sharks zone.
15:11 of 2nd period - Snap shot by Travis Morin.
15:11 of 2nd period - Shot Misses the Net.
15:30 of 2nd period - Icing by Matt Taormina.
15:31 of 2nd period - Travis Boyd wins face-off versus Mitch Callahan in Calgary Hitman zone.
16:02 of 2nd period - Snap shot by Andreas Johnsson.
16:02 of 2nd period - Goal by Andreas Johnsson - Calgary Hitman : 2 - Worcester Sharks : 2.
16:03 of 2nd period - Shane Prince wins face-off versus Spencer Abbott in neutral zone.
16:06 of 2nd period - Slapshot by Shea Theodore.
16:06 of 2nd period - Shot Blocked by Matt Bartkowski.
16:08 of 2nd period - Slapshot by Teddy Purcell.
16:08 of 2nd period - Shot Blocked by Kasperi Kapanen.
16:16 of 2nd period - Wrist shot by Shane Prince.
16:16 of 2nd period - Shot Misses the Net.
16:28 of 2nd period - Snap shot by Micheal Haley.
16:28 of 2nd period - Deflect By Andreas Johnsson.
16:28 of 2nd period - Stopped by Garret Sparks without a rebound.
16:29 of 2nd period - John McCarthy wins face-off versus Travis Morin in Calgary Hitman zone.
16:44 of 2nd period - Wrist shot by J.T. Brown.
16:44 of 2nd period - Deflect By Travis Morin.
16:44 of 2nd period - Shot Blocked by Tyson Strachan.
16:44 of 2nd period - Puck is out of play.
16:45 of 2nd period - Andrew Miller wins face-off versus Travis Boyd in Worcester Sharks zone.
16:48 of 2nd period - Snap shot by Spencer Abbott.
16:48 of 2nd period - Stopped by Casey DeSmith with a rebound.
16:54 of 2nd period - Wrist shot by Andrew Miller.
16:54 of 2nd period - Shot Misses the Net.
17:12 of 2nd period - Shane Prince is hit by Matt Bartkowski and loses puck.
17:17 of 2nd period - Wrist shot by J.T. Brown.
17:17 of 2nd period - Shot Blocked by Shea Theodore.
17:19 of 2nd period - Snap shot by Jack Skille.
17:19 of 2nd period - Stopped by Casey DeSmith without a rebound.
17:20 of 2nd period - Shane Prince wins face-off versus Reid Petryk in Worcester Sharks zone.
17:35 of 2nd period - Wrist shot by Remi Elie.
17:35 of 2nd period - Shot Blocked by Mitch Callahan.
17:55 of 2nd period - Snap shot by T.J. Hensick.
17:55 of 2nd period - Deflect By Travis Boyd.
17:55 of 2nd period - Shot Blocked by Kasperi Kapanen.
17:55 of 2nd period - Puck is out of play.
17:56 of 2nd period - Travis Morin wins face-off versus Travis Boyd in Calgary Hitman zone.
17:56 of 2nd period - Travis Morin is hit by Travis Boyd.
18:13 of 2nd period - Travis Boyd is hit by J.T. Brown and loses puck.
18:20 of 2nd period - J.T. Brown is hit by T.J. Hensick.
18:32 of 2nd period - Wrist shot by Michael Raffl.
18:32 of 2nd period - Shot Hit the Post.
18:34 of 2nd period - Wrist shot by Travis Boyd.
18:34 of 2nd period - Stopped by Garret Sparks without a rebound.
18:35 of 2nd period - Shane Prince wins face-off versus Andrew Miller in Calgary Hitman zone.
18:36 of 2nd period - Snap shot by Remi Elie.
18:36 of 2nd period - Stopped by Garret Sparks with a rebound.
18:38 of 2nd period - Slapshot by Mirco Mueller.
18:38 of 2nd period - Stopped by Garret Sparks without a rebound.
18:39 of 2nd period - Shane Prince wins face-off versus Andrew Miller in Calgary Hitman zone.
18:52 of 2nd period - Wrist shot by Kasperi Kapanen.
18:52 of 2nd period - Shot Misses the Net.
18:54 of 2nd period - Slapshot by Matt Taormina.
18:54 of 2nd period - Deflect By Teddy Purcell.
18:54 of 2nd period - Stopped by Casey DeSmith with a rebound.
19:51 of 2nd period - Minor Penalty to Remi Elie for Hooking.
19:52 of 2nd period - John McCarthy wins face-off versus Travis Morin in Worcester Sharks zone.
Goals for this period are 1 for Calgary Hitman vs 2 for Worcester Sharks.
Shots for this period are 13 for Calgary Hitman vs 7 for Worcester Sharks.

3rd period


0:01 of 3rd period - Andrew Miller wins face-off versus John McCarthy in neutral zone.
0:16 of 3rd period - Backhand shot by Kasperi Kapanen.
0:16 of 3rd period - Shot Misses the Net.
1:16 of 3rd period - Frank Corrado is hit by Spencer Abbott and loses puck.
1:51 of 3rd period - Penalty to Remi Elie is over, Remi Elie is back on ice.
2:07 of 3rd period - Micheal Haley is hit by Brady Austin and loses puck.
2:18 of 3rd period - Slapshot by Shane Prince.
2:18 of 3rd period - Stopped by Garret Sparks with a rebound.
2:20 of 3rd period - Wrist shot by Teddy Purcell.
2:20 of 3rd period - Shot Misses the Net.
4:34 of 3rd period - Tyson Strachan is hit by Matt Taormina and loses puck.
5:13 of 3rd period - Teddy Purcell is hit by Mitch Callahan.
5:23 of 3rd period - Andreas Johnsson is hit by J.T. Brown and loses puck.
6:20 of 3rd period - Jack Skille is hit by Teddy Purcell and loses puck.
7:09 of 3rd period - Spencer Abbott is hit by Andreas Johnsson and loses puck.
7:27 of 3rd period - Slapshot by Matt Bartkowski.
7:27 of 3rd period - Deflect By J.T. Brown.
7:27 of 3rd period - Goal by J.T. Brown - Calgary Hitman : 3 - Worcester Sharks : 2.
7:28 of 3rd period - Travis Boyd wins face-off versus Andrew Miller in neutral zone.
7:31 of 3rd period - Slapshot by Brett Kulak.
7:31 of 3rd period - Shot Blocked by Matt Taormina.
7:41 of 3rd period - Snap shot by Andrew Miller.
7:41 of 3rd period - Stopped by Casey DeSmith with a rebound.
7:43 of 3rd period - Slapshot by Alex Biega.
7:43 of 3rd period - Shot Blocked by Travis Boyd.
8:12 of 3rd period - Wrist shot by Andreas Johnsson.
8:12 of 3rd period - Stopped by Garret Sparks without a rebound.
8:13 of 3rd period - John McCarthy wins face-off versus Reid Petryk in Calgary Hitman zone.
8:16 of 3rd period - Snap shot by Micheal Haley.
8:16 of 3rd period - Shot Blocked by Matt Taormina.
8:26 of 3rd period - Snap shot by Mitch Callahan.
8:26 of 3rd period - Shot Blocked by John McCarthy.
8:35 of 3rd period - Icing by Mirco Mueller.
8:36 of 3rd period - Andrew Miller wins face-off versus John McCarthy in Worcester Sharks zone.
9:15 of 3rd period - Cody Goloubef is hit by Micheal Haley.
9:46 of 3rd period - Minor Penalty to Micheal Haley for Tripping.
9:47 of 3rd period - Corban Knight wins face-off versus Wayne Simpson in Worcester Sharks zone.
10:19 of 3rd period - Slapshot by Travis Morin.
10:19 of 3rd period - Shot Blocked by Shea Theodore.
10:21 of 3rd period - Snap shot by Cody Goloubef.
10:21 of 3rd period - Stopped by Casey DeSmith with a rebound.
10:48 of 3rd period - Wrist shot by T.J. Hensick.
10:48 of 3rd period - Shot Blocked by Cody Goloubef.
10:50 of 3rd period - Slapshot by T.J. Hensick.
10:50 of 3rd period - Shot Misses the Net.
11:00 of 3rd period - Wrist shot by Matt Taormina.
11:00 of 3rd period - Shot Blocked by John McCarthy.
11:04 of 3rd period - Snap shot by Nick Lappin.
11:04 of 3rd period - Shot Misses the Net.
11:46 of 3rd period - Penalty to Micheal Haley is over, Micheal Haley is back on ice.
12:10 of 3rd period - T.J. Hensick is hit by Travis Morin and loses puck.
13:34 of 3rd period - T.J. Hensick is hit by Cole Ully and loses puck.
14:58 of 3rd period - Wrist shot by Jack Skille.
14:58 of 3rd period - Shot Misses the Net.
15:22 of 3rd period - Minor Penalty to Travis Boyd for Hooking.
15:23 of 3rd period - John McCarthy wins face-off versus Travis Morin in Worcester Sharks zone.
15:49 of 3rd period - Wrist shot by Remi Elie.
15:49 of 3rd period - Shot Misses the Net.
17:22 of 3rd period - Penalty to Travis Boyd is over, Travis Boyd is back on ice.
17:33 of 3rd period - Remi Elie is hit by Matt Bartkowski and loses puck.
17:46 of 3rd period - Wrist shot by T.J. Hensick.
17:46 of 3rd period - Deflect By Travis Boyd.
17:46 of 3rd period - Shot Blocked by Matt Bartkowski.
17:46 of 3rd period - Puck is out of play.
17:47 of 3rd period - Travis Boyd wins face-off versus Nick Lappin in Calgary Hitman zone.
17:52 of 3rd period - Snap shot by Travis Boyd.
17:52 of 3rd period - Stopped by Garret Sparks without a rebound.
17:53 of 3rd period - Reid Petryk wins face-off versus Travis Boyd in Calgary Hitman zone.
18:00 of 3rd period - Snap shot by Mitch Callahan.
18:00 of 3rd period - Stopped by Casey DeSmith with a rebound.
18:02 of 3rd period - Slapshot by Wayne Simpson.
18:02 of 3rd period - Goal by Wayne Simpson - Calgary Hitman : 4 - Worcester Sharks : 2.
18:03 of 3rd period - Reid Petryk wins face-off versus John McCarthy in neutral zone.
18:12 of 3rd period - Slapshot by Wayne Simpson.
18:12 of 3rd period - Stopped by Casey DeSmith with a rebound.
18:14 of 3rd period - Backhand shot by Reid Petryk.
18:14 of 3rd period - Goal by Reid Petryk - Calgary Hitman : 5 - Worcester Sharks : 2.
18:15 of 3rd period - Shane Prince wins face-off versus Andrew Miller in neutral zone.
18:26 of 3rd period - Slapshot by Andrew Miller.
18:26 of 3rd period - Stopped by Casey DeSmith with a rebound.
18:28 of 3rd period - Wrist shot by Andrew Miller.
18:28 of 3rd period - Stopped by Casey DeSmith with a rebound.
18:30 of 3rd period - Wrist shot by Andrew Miller.
18:30 of 3rd period - Shot Misses the Net.
18:44 of 3rd period - Snap shot by Travis Morin.
18:44 of 3rd period - Stopped by Casey DeSmith with a rebound.
19:04 of 3rd period - Andreas Johnsson is hit by Mitch Callahan and loses puck.
19:09 of 3rd period - Snap shot by Mitch Callahan.
19:09 of 3rd period - Deflect By Reid Petryk.
19:09 of 3rd period - Stopped by Casey DeSmith with a rebound.
19:11 of 3rd period - Slapshot by John Ramage.
19:11 of 3rd period - Shot Blocked by John McCarthy.
19:13 of 3rd period - Slapshot by Reid Petryk.
19:13 of 3rd period - Shot Blocked by Brett Kulak.
19:39 of 3rd period - Snap shot by Nick Lappin.
19:39 of 3rd period - Shot Misses the Net.
19:45 of 3rd period - Wrist shot by Liam O'Brien.
19:45 of 3rd period - Shot Misses the Net.
19:47 of 3rd period - Slapshot by Brady Austin.
19:47 of 3rd period - Deflect By Nick Lappin.
19:47 of 3rd period - Stopped by Casey DeSmith without a rebound.
19:48 of 3rd period - Shane Prince wins face-off versus Travis Morin in Worcester Sharks zone.
19:53 of 3rd period - Matt Taormina is hit by Teddy Purcell and loses puck.
Goals for this period are 3 for Calgary Hitman vs 0 for Worcester Sharks.
Shots for this period are 12 for Calgary Hitman vs 3 for Worcester Sharks.